 Dungeon Crawl Stone Soup version 0.31-a0-618-g7ca08c1ff9 (webtiles) character file.

Game seed: 4047656695760950097

2220 javelincjr the Summoner (level 9, -7/65 HPs)
             Began as a Gnoll Summoner on Aug 22, 2023.
             Was a Follower of Sif Muna.
             Killed from afar by a steam dragon (19 damage)
             ... with a ball of steam
             ... on level 7 of the Dungeon.
             The game lasted 00:41:26 (8056 turns).

javelincjr the Summoner (Gnoll Summoner)            Turns: 8056, Time: 00:41:27

Health: -7/65      AC: 16    Str:  7    XL:     9   Next: 35%
Magic:  10/18      EV: 13    Int: 19    God:    Sif Muna [*.....]
Gold:   482        SH:  0    Dex: 13    Spells: 8/21 levels left

rFire   . . .        l - +4 halberd (protect)
rCold   . . .        (shield currently unavailable)
rNeg    + . .        C - +3 leather armour
rPois   .            (no helmet)
rElec   .            F - +0 cloak
rCorr   .            (no gloves)
SInv    .            q - +1 pair of boots
Will    .....        (no amulet)
Stlth   +++          o - ring of positive energy
HPRegen 0.30/turn    (no ring)
MPRegen 0.16/turn

%: no passive effects
@: under a protective aura
A: fangs 1, strong nose, distributed training
a: Renounce Religion, Channel Magic


You were on level 7 of the Dungeon.
You worshipped Sif Muna.
Sif Muna was aware of your devotion.
You visited 2 branches of the dungeon, and saw 8 of its levels.
You also visited: Sewer.

You collected 482 gold pieces.

Inventory:

Hand Weapons
 l - a +4 halberd of protection (weapon)
 x - a +1 spear of venom
 A - a +1 hand axe of venom
 B - a +2 whip of distortion
Missiles
 v - 18 poisoned darts
Armour
 a - a +0 robe
 q - a +1 pair of boots (worn)
 z - a +1 leather armour of cold resistance
 C - a +3 leather armour (worn)
 F - a +0 cloak (worn)
Magical Staves
 j - a staff of death
Jewellery
 o - a ring of positive energy (left hand)
Wands
 s - a wand of acid (8)
 D - a wand of flame (21)
 E - a wand of iceblast (10)
Scrolls
 f - 4 scrolls of identify
 g - 2 scrolls of torment
 i - 3 scrolls of teleportation
 m - a scroll of silence
 p - a scroll of fear {unknown}
 r - 2 scrolls of poison {unknown}
 y - a scroll of blinking {unknown}
Potions
 b - a potion of magic
 c - a potion of resistance {unknown}
 d - 3 potions of brilliance {unknown}
 e - a potion of mutation {unknown}
 h - 2 potions of heal wounds {unknown}
 k - 2 potions of haste
 n - 2 potions of might
 t - a potion of berserk rage
 u - 2 potions of lignification {unknown}
 w - 2 potions of attraction
 G - a potion of enlightenment {unknown}


   Skills:
 + Level 4.2 Fighting
 + Level 4.2 Short Blades
 + Level 4.2 Long Blades
 + Level 4.2 Axes
 + Level 4.2 Maces & Flails
 + Level 4.2 Polearms
 + Level 4.2 Staves
 + Level 4.2 Ranged Weapons
 + Level 4.2 Throwing
 + Level 4.2 Armour
 + Level 6.3 Dodging
 + Level 6.0 Stealth
 + Level 4.2 Shields
 + Level 4.2 Unarmed Combat
 + Level 6.6 Spellcasting
 + Level 3.5 Conjurations
 + Level 3.5 Hexes
 + Level 8.0 Summonings
 + Level 3.5 Necromancy
 + Level 3.5 Translocations
 + Level 3.5 Transmutations
 + Level 3.5 Fire Magic
 + Level 3.5 Ice Magic
 + Level 3.5 Air Magic
 + Level 3.5 Earth Magic
 + Level 3.5 Poison Magic
 + Level 4.6 Invocations
 + Level 4.2 Evocations
 + Level 3.8 Shapeshifting


You had 8 spell levels left.
You knew the following spells:

 Your Spells              Type           Power      Damage    Failure   Level
a - Summon Small Mammal   Summ           100%       N/A       1%          1
b - Call Imp              Summ           72%        N/A       1%          2
c - Call Canine Familiar  Summ           36%        N/A       1%          3
d - Summon Guardian Gole  Hex/Summ       28%        N/A       4%          3
e - Summon Lightning Spi  Summ/Air       28%        N/A       14%         4

Your spell library contained the following spells:

 Spells                   Type           Power      Damage    Failure   Level
 Apportation              Tloc           38%        N/A       3%          1
 Shock                    Conj/Air       76%        1d7       3%          1
 Swiftness                Air            19%        N/A       11%         3
 Airstrike                Air            9%         2d(2-18)  36%         4
 Alistair's Intoxication  Tmut/Pois      12%        N/A       71%         5
 Conjure Ball Lightning   Conj/Air       9%         3x3d6     99%         6
 Discord                  Hex            9%         N/A       100%        8
 Disjunction              Tloc           9%         N/A       100%        8


Dungeon Overview and Level Annotations

Branches:
Dungeon (7/15)             Temple (1/1) D:4           Sewer (visited)

Altars:
Ashenzari
Cheibriados
Elyvilon
Fedhas
Gozag
Hepliaklqana
Kikubaaqudgha
Okawaru
Qazlal
Ru
Sif Muna
Vehumet
Wu Jian
Yredelemnul
Zin
The Shining One

Shops:
D:4 **

Annotations:
D:7 2 transporters, Mightysalt's ghost, novice OpCK


Innate Abilities, Weirdness & Mutations

You have very sharp teeth.
Your uncanny sense of smell can sniff out nearby items.
Your experience applies equally to all skills.


Message History

You hit the steam dragon but do no damage.
Your weapon exudes an aura of protection.
The steam dragon is heavily wounded.
Your hound is engulfed in a cloud of scalding steam.
Your hound bites the steam dragon.
The steam dragon breathes steam at you. The ball of steam hits you.
* * * LOW HITPOINT WARNING * * *
Your cerulean imp barely misses the steam dragon.
Your hound is engulfed in a cloud of scalding steam.
Your hound bites the steam dragon.
Your hound barely misses the steam dragon.
The steam dragon barely misses you. The steam dragon misses you.
Your cerulean imp is engulfed in a cloud of scalding steam.
Your cerulean imp completely misses the steam dragon.
You closely miss the steam dragon. Your bite misses the steam dragon.
The steam dragon is severely wounded.
Your hound bites the steam dragon but does no damage.
The steam dragon bites you but does no damage.
The steam dragon claws you.
* * * LOW HITPOINT WARNING * * *
Your cerulean imp hits the steam dragon from afar with a -1 spear.
Your hound bites the steam dragon.
You closely miss the steam dragon.
You bite the steam dragon, but do no damage.
The steam dragon is almost dead.
Your hound barely misses the steam dragon.
The steam dragon barely misses you. x2
Your cerulean imp hits the steam dragon from afar with a -1 spear.
Your hound bites the steam dragon but does no damage.
The steam dragon closely misses your hound.
The steam dragon misses your hound.
You hit the steam dragon.
Your weapon exudes an aura of protection.
The steam dragon is almost dead.
Your cerulean imp barely misses the steam dragon.
Your hound barely misses the steam dragon.
The steam dragon breathes steam at you. The ball of steam hits you!!
You die...

........#.##.#.#
.....)..#.##.#.#
##......#.##.#.#
####.#........#
#.#........###
#.#..........##
#.#........#..#
#.#.#########.#
#.##..../...@##
#.# .≈≈≈≈≈≈D.#
#.# ≈..≈≈≈.h≈#
≈.≈...≈5≈#
≈.≈._.≈.≈#
≈.≈...≈.≈#
≈..≈≈≈..≈#
.≈≈≈≈≈≈≈.#
.......§.#


You could see a steam dragon (catching breath, ally target), a friendly hound
(summoned) and a friendly cerulean imp (summoned).

Vanquished Creatures
  Pikel (D:5)
  An ice beast (D:5)
  An ogre (D:5)
  A lemure (D:5)
  2 bullfrogs
  2 wights (D:6)
  2 orc priests
  A sleepcap (D:5)
  An orc wizard (D:5)
  Natasha (twice) (D:3)
  A gnoll (D:4)
  2 adders
  A white imp (D:7)
  An ufetubus (D:6)
  2 dart slugs
  2 orcs (D:7)
  3 bats
  4 endoplasms
  A giant cockroach (D:3)
  3 goblins
  3 hobgoblins
  A quokka (D:1)
  3 ball pythons
  3 frilled lizards
  4 kobolds
  A rat (D:2)
49 creatures vanquished.

Vanquished Creatures (collateral kills)
  2 water moccasins
  A sky beast (D:6)
  A phantom (D:4)
  2 scorpions
  A wight (D:6)
  4 orc priests
  Natasha (D:3)
  An iguana (D:6)
  An orc wizard (D:3)
  2 gnolls (D:4)
  6 adders
  A river rat (D:3)
  A white imp (D:6)
  An ufetubus (D:6)
  3 worms
  A dart slug (D:4)
  16 orcs
  5 ball pythons
  9 bats
  4 endoplasms
  2 giant cockroaches
  7 goblins
  2 hobgoblins (D:4)
  4 jackals (D:1)
  A quokka (D:3)
  A frilled lizard (D:1)
  9 kobolds
  2 rats
91 creatures vanquished.

Vanquished Creatures (others)
  A centaur (D:5)
  A kobold brigand (D:7)
  A wight (D:6)
  2 kobolds (D:7)
5 creatures vanquished.

Grand Total: 145 creatures vanquished

Notes
Turn   | Place    | Note
-------+----------+-------------------------------------------
     0 | D:1      | javelincjr the Gnoll Summoner began the quest for the Orb.
     0 | D:1      | Reached XP level 1. HP: 13/13 MP: 6/6
    84 | D:1      | Reached XP level 2. HP: 19/19 MP: 3/7
   533 | D:1      | Found a faded altar of an unknown god.
   558 | D:1      | Reached XP level 3. HP: 25/25 MP: 7/9
   561 | D:1      | Learned a level 2 spell: Call Imp
   565 | D:1      | Learned a level 3 spell: Call Canine Familiar
   576 | D:1      | Reached skill level 5 in Spellcasting
  1239 | D:2      | Reached skill level 1 in Invocations
  1243 | D:2      | Reached skill level 1 in Fighting
  1243 | D:2      | Reached skill level 1 in Short Blades
  1243 | D:2      | Reached skill level 1 in Long Blades
  1243 | D:2      | Reached skill level 1 in Axes
  1243 | D:2      | Reached skill level 1 in Maces & Flails
  1243 | D:2      | Reached skill level 1 in Polearms
  1243 | D:2      | Reached skill level 1 in Staves
  1243 | D:2      | Reached skill level 1 in Ranged Weapons
  1243 | D:2      | Reached skill level 1 in Throwing
  1243 | D:2      | Reached skill level 1 in Armour
  1243 | D:2      | Reached skill level 1 in Shields
  1243 | D:2      | Reached skill level 1 in Unarmed Combat
  1243 | D:2      | Reached skill level 1 in Evocations
  1243 | D:2      | Reached skill level 1 in Shapeshifting
  1243 | D:2      | Reached XP level 4. HP: 23/32 MP: 3/11
  1389 | D:2      | Reached skill level 1 in Conjurations
  1389 | D:2      | Reached skill level 1 in Hexes
  1389 | D:2      | Reached skill level 1 in Necromancy
  1389 | D:2      | Reached skill level 1 in Translocations
  1389 | D:2      | Reached skill level 1 in Transmutations
  1389 | D:2      | Reached skill level 1 in Fire Magic
  1389 | D:2      | Reached skill level 1 in Ice Magic
  1389 | D:2      | Reached skill level 1 in Air Magic
  1389 | D:2      | Reached skill level 1 in Earth Magic
  1389 | D:2      | Reached skill level 1 in Poison Magic
  2448 | D:3      | Noticed Natasha
  2475 | D:3      | Found an opulent altar of Gozag.
  2611 | D:3      | Reached XP level 5. HP: 36/37 MP: 5/12
  2748 | D:3      | Found a glowing drain.
  2752 | Sewer    | Entered a sewer
  2871 | Sewer    | Noticed a water moccasin
  2891 | Sewer    | Killed a water moccasin
  2892 | Sewer    | Reached XP level 6. HP: 44/44 MP: 4/14
  3166 | D:3      | Killed Natasha
  3167 | D:3      | Reached skill level 5 in Dodging
  3604 | D:3      | Noticed Natasha
  3614 | D:3      | Killed Natasha
  3748 | D:4      | Found a shimmering blue altar of Sif Muna.
  3787 | D:3      | Noticed Natasha
  3794 | D:3      | Killed Natasha
  3952 | D:4      | Found an ancient bone altar of Kikubaaqudgha.
  4141 | D:4      | Found Neegrill's Gadget Gallery.
  4230 | D:4      | Reached XP level 7. HP: 51/51 MP: 7/15
  4360 | D:4      | Found a basalt altar of Yredelemnul.
  4400 | D:4      | Learned a level 3 spell: Summon Guardian Golem
  4734 | D:4      | Became a worshipper of Sif Muna the Loreminder
  4741 | D:4      | Found Decukh's Fire Supplies.
  4764 | D:4      | Learned a level 4 spell: Summon Lightning Spire
  5145 | D:4      | Reached skill level 5 in Stealth
  5206 | D:4      | Found a staircase to the Ecumenical Temple.
  5224 | Temple   | Entered the Ecumenical Temple
  5498 | D:5      | Entered Level 5 of the Dungeon
  5526 | D:5      | Found a snail-covered altar of Cheibriados.
  5769 | D:5      | Reached XP level 8. HP: 58/58 MP: 7/16
  5940 | D:5      | Noticed Pikel
  5978 | D:5      | Killed Pikel
  6930 | D:6      | Reached XP level 9. HP: 57/65 MP: 18/18
  7602 | D:7      | Reached * piety under Sif Muna
  7603 | D:7      | Reached skill level 8 in Summonings
  7692 | D:7      | Found a transporter.
  7692 | D:7      | Found a transporter.
  7704 | D:7      | Noticed a hornet
  7707 | D:7      | Noticed a two-headed ogre
  7744 | D:7      | Noticed Mightysalt's ghost (novice OpCK)
  7814 | D:7      | Found a stormy altar of Qazlal.
  8037 | D:7      | Found a sacrificial altar of Ru.
  8056 | D:7      | Killed from afar by a steam dragon

Illustrated notes

Levels and vault maps discovered:
D:1:      minmay_arrival_stair_chambers, layout_loops_ring,
          shapermc_ecumenical_altar_venn, minmay_stone_trees_small,
          hangedman_decor_clover_reticule, grunt_decor_mini_mirrors
D:2:      layout_basic
D:3:      layout_basic, mainiacjoe_overflow_concentric_impassable,
          gup_sewer_entry_bowl, uniq_natasha
D:4:      layout_basic, mainiacjoe_overflow_chevrons, amcnicky_altar_gilded,
          mainiacjoe_overflow_boulevard, minmay_temple_entry_offerings,
          nicolae_shop_fire_sale [nicolae_sub_dead_trees],
          minmay_misc_feat_five, nicolae_shop_gadgets
D:5:      layout_cave_pools, kennysheep_slug_shrine, hangedman_decor_push,
          roderic_lattice_a, grunt_decor_cap, uniq_pikel
D:6:      layout_rooms
D:7:      layout_basic, mainiacjoe_overflow_paths, kennysheep_mini,
          nzn_ghost_randoct
Temple:   kb_temple_of_zot

Skill      XL: |  1  2  3  4  5  6  7  8  9 |
---------------+----------------------------+-----
Spellcasting   | 5 6 |  6.6
Invocations    | 1 2 3 4 |  4.6
Fighting       | 1 2 3 4 |  4.2
Short Blades   | 1 2 3 4 |  4.2
Long Blades    | 1 2 3 4 |  4.2
Axes           | 1 2 3 4 |  4.2
Maces & Flails | 1 2 3 4 |  4.2
Polearms       | 1 2 3 4 |  4.2
Staves         | 1 2 3 4 |  4.2
Ranged Weapons | 1 2 3 4 |  4.2
Throwing       | 1 2 3 4 |  4.2
Armour         | 1 2 3 4 |  4.2
Shields        | 1 2 3 4 |  4.2
Unarmed Combat | 1 2 3 4 |  4.2
Evocations     | 1 2 3 4 |  4.2
Shapeshifting  | 1 2 3 |  3.8
Conjurations   | 1 2 3 |  3.5
Hexes          | 1 2 3 |  3.5
Necromancy     | 1 2 3 |  3.5
Translocations | 1 2 3 |  3.5
Transmutations | 1 2 3 |  3.5
Fire Magic     | 1 2 3 |  3.5
Ice Magic      | 1 2 3 |  3.5
Air Magic      | 1 2 3 |  3.5
Earth Magic    | 1 2 3 |  3.5
Poison Magic   | 1 2 3 |  3.5
Dodging        | 5 6 |  6.3
Stealth        | 5 6 |  6.0
Summonings     | 8 |  8.0

Action                     |  1- 3 |  4- 6 |  7- 9 || total
---------------------------+-------+-------+-------++-------
  Melee: Hand axe          |    25 |    50 |    20 ||    95
         Unarmed           |    11 |       |       ||    11
         Bite              |     4 |     4 |     8 ||    16
         Halberd           |       |       |    98 ||    98
         Punch             |       |       |     1 ||     1
   Cast: Summon Small Mamm |    23 |    25 |    13 ||    61
         Call Imp          |     8 |    25 |    32 ||    65
         Call Canine Famil |     7 |    28 |    33 ||    68
         Summon Guardian G |       |       |    19 ||    19
    Use: Scroll            |       |     5 |     3 ||     8
   Stab: Sleeping          |     3 |     2 |     1 ||     6
         Distracted        |       |     3 |     2 ||     5
 Armour: Robe              |    10 |    10 |       ||    20
         Leather armour    |       |       |    55 ||    55
  Dodge: Dodged            |    35 |    45 |   105 ||   185

Table legend: (Time is in decaauts)
 A = Elapsed time spent in this place.
 B = Non-inter-level travel time spent in this place.
 C = Inter-level travel time spent in this place.
 D = Time resting spent in this place.
 E = Time spent auto-exploring this place.
 F = Levels seen in this place.
 G = Mean time per level.
                   A        B        C        D        E       F      G
               +--------+--------+--------+--------+--------+-----+--------+
         Total |   8116 |   7809 |    307 |    211 |   5804 |   9 |  901.8 |
       Dungeon |   7795 |   7514 |    281 |    211 |   5607 |   7 | 1113.6 |
        Temple |     70 |     44 |     26 |      0 |      0 |   1 |   70.0 |
         Sewer |    250 |    250 |      0 |      0 |    197 |   1 |  250.0 |
               +--------+--------+--------+--------+--------+-----+--------+

Top non-repeatable levels by time:
     D:4: 1621 daAuts
     D:3: 1376 daAuts
     D:1: 1216 daAuts
     D:5: 1168 daAuts
     D:2: 989 daAuts
     D:6: 889 daAuts
     D:7: 534 daAuts
   Sewer: 250 daAuts
  Temple: 70 daAuts
